 Dungeon Crawl Stone Soup version 0.17.0-28-g6e173f8 (console) character file.

76386 Kloppie the Bludgeoner (level 15, -6/167 HPs)
             Began as an Ogre Fighter on Dec 2, 2015.
             Was a High Priest of the Shining One.
             Mangled by a vampire mosquito (8 damage)
             ... on level 1 of the Swamp.
             The game lasted 01:12:16 (31230 turns).

Kloppie the Bludgeoner (Ogre Fighter)              Turns: 31230, Time: 01:12:16

Health: -6/167     AC:  8    Str: 20    XL:     15   Next: 53%
Magic:  21/21      EV: 15    Int:  7    God:    the Shining One [*****.]
Gold:   1098       SH:  0    Dex: 14    Spells: 0 memorised, 14 levels left

rFire  + . .     SeeInvis .     a - +0 dire flail
rCold  + . .     Clarity  .     k - +1 robe of Ittok {rF+ rC+ Str-5}
rNeg   + + .     SustAt   .     (shield currently unavailable)
rPois  +         Gourm    .     (helmet restricted)
rElec  +         Spirit   .     R - +2 cloak {+Inv}
rCorr  .         Warding  .     (gloves unavailable)
rMut   .         Stasis   .     (boots unavailable)
MR     +....                    A - amulet of regeneration
Stlth  +.........               r - +5 ring of evasion
                                M - ring of poison resistance

@: grasped by roots, glowing, very slow, somewhat resistant to hostile
enchantments, very unstealthy
A: unfitting armour, electricity resistance, tough skin 1
a: Divine Shield, Cleansing Flame, Summon Divine Warrior, Renounce Religion,
Evoke Invisibility


You were on level 1 of the Swamp.
You worshipped the Shining One.
The Shining One was extremely pleased with you.
You were not hungry.

You visited 5 branches of the dungeon, and saw 26 of its levels.
You also visited: Ice Cave.

You collected 2543 gold pieces.
You spent 1445 gold pieces at shops.

Inventory:

Hand Weapons
 a - a +0 dire flail (weapon)
 d - a +0 giant spiked club of flaming
 X - a +5 morningstar of protection
Missiles
 z - 5 javelins of returning
 O - 19 large rocks
 S - 8 javelins of penetration (quivered)
Armour
 b - a +0 shield
 k - the +1 robe of Ittok (worn) {rF+ rC+ Str-5}
   (You bought it in a shop on level 4 of the Orcish Mines)

   It affects your strength (-5).
   It protects you from fire.
   It protects you from cold.
 K - a +2 robe of magic resistance
 R - a +2 cloak of invisibility (worn)
Jewellery
 f - an uncursed amulet of resist corrosion
 r - a +5 ring of evasion (right hand)
 w - an uncursed ring of magical power
 A - an amulet of regeneration (around neck)
 G - the ring "Ufes Foi" {+Fly rElec rF+ MR- Stlth+}
   (You found it on level 3 of the Lair of Beasts)

   [ring of flight]

   It protects you from fire.
   It insulates you from electricity.
   It affects your resistance to hostile enchantments.
   It lets you fly.
   It makes you more stealthy.
 M - a ring of poison resistance (left hand)
 N - an uncursed ring of flight
 U - an uncursed amulet of clarity
Wands
 g - a wand of digging (17)
 i - a wand of disintegration (15)
 p - a wand of teleportation (7)
Scrolls
 c - 2 scrolls of enchant weapon
 h - 10 scrolls of remove curse
 j - 2 scrolls of magic mapping
 y - 3 scrolls of blinking
 C - 5 scrolls of identify
 D - 3 scrolls of recharging
 I - 8 scrolls of fog
 J - 9 scrolls of teleportation
 P - a scroll of fear
Potions
 m - 5 potions of curing
 n - 2 potions of resistance
 o - 3 potions of lignification
 q - a potion of brilliance
 u - 5 potions of agility
 v - 3 potions of ambrosia
 x - 2 potions of flight
 B - 2 potions of haste
 F - a potion of berserk rage
Comestibles
 e - 10 bread rations
 l - 9 meat rations


   Skills:
 - Level 15.0 Fighting
 - Level 16.5 Maces & Flails
 - Level 10.0 Throwing
 - Level 8.0 Armour
 - Level 12.8 Dodging
 - Level 2.6 Shields
 + Level 8.4 Invocations


You had 14 spell levels left.
You didn't know any spells.

Dungeon Overview and Level Annotations

Branches:
Dungeon (12/15)            Temple (1/1) D:4            Lair (8/8) D:8
  Swamp (1/4) Lair:5       Spider (0/4) Lair:6        Slime (0/6) Lair:8
    Orc (4/4) D:12            Elf (0/3) Orc:4

Altars:
Ashenzari
Cheibriados
Dithmenos
Elyvilon
Fedhas
Gozag
Kikubaaqudgha
Makhleb
Nemelex Xobeh
Okawaru
Qazlal
Ru
Sif Muna
Trog
Vehumet
Xom
Yredelemnul
Zin
The Shining One

Shops:
D:6 }   Orc:1 *   Orc:3 !   Orc:4 [?=!*

Annotations:
D:2 Natasha


Innate Abilities, Weirdness & Mutations

You are too large for most types of armour.
You have tough skin (AC +1).
You are resistant to electric shocks.


Message History

* * * LOW HITPOINT WARNING * * *
The vampire mosquito bites you!
* * * LOW HITPOINT WARNING * * *
The vampire mosquito closely misses you. x2
The vampire mosquito bites you!
* * * LOW HITPOINT WARNING * * *
The vampire mosquito bites you!
* * * LOW HITPOINT WARNING * * *
The spriggan rider hits you from afar with a spear!!
* * * LOW HITPOINT WARNING * * *
The vampire mosquito bites you!
* * * LOW HITPOINT WARNING * * *
A vampire mosquito comes into view.
The vampire mosquito buzzes angrily.
The vampire mosquito bites you but does no damage.
The vampire mosquito misses you. The vampire mosquito bites you.
* * * LOW HITPOINT WARNING * * *
The vampire mosquito misses you. The spriggan rider closely misses you.
The vampire mosquito bites you!
You die...

≈≈≈ ♣♣♣♣♣ ♣♣..≈≈≈.♣ ≈≈≈≈
♣≈.≈♣♣♣.≈≈≈≈≈≈♣ ≈≈≈..
♣♣.≈≈.♣.≈≈≈≈≈≈≈♣
..[..♣♣♣♣♣.≈≈≈≈..≈≈≈≈≈♣♣♣
.≈.......♣.≈≈≈≈≈≈.....♣♣♣♣
...........≈≈≈≈≈≈≈≈>.♣...♣
≈..≈≈≈.<.≈.≈≈≈≈≈≈≈≈♣♣♣.≈.♣
..≈≈≈≈≈..≈≈≈≈≈≈≈§..♣ ♣♣.≈♣
..≈≈≈≈≈≈≈≈≈≈..@y..♣♣ ♣♣♣♣
≈.≈≈≈≈≈≈≈≈≈≈..yy...♣
≈≈.≈≈≈≈≈≈y≈....≈if.♣ ♣
≈≈.≈≈≈≈≈≈≈≈.≈...i≈.♣♣ ♣.
≈≈≈..≈≈≈≈≈.≈≈...≈≈.≈♣♣ ♣..
≈≈.≈.......≈≈≈.≈≈≈.n≈♣♣♣
..≈
♣♣...≈≈.≈≈≈....≈♣♣♣♣♣.≈≈
♣≈..≈...≈§.≈≈≈..♣♣.yn≈≈
≈..≈♣...≈≈≈≈..≈≈♣ii≈≈


You could see a shambling mangrove, 2 spriggan riders, a bog body and 4 vampire
mosquitoes.

Vanquished Creatures
  Rupert (Orc:4)
  The ghost of onono the Impaler, a journeyman MfSk of Okawaru (Lair:5)
  Josephine (Lair:3)
  The ghost of Clownie the Blocker, a journeyman NaFi of Cheibriados (D:10)
  Harold (D:12)
  A hydra (Lair:3)
  6 death yaks
  Urug (Lair:4)
  3 orc high priests (Orc:4)
  An ice devil (IceCv)
  Pikel (D:8)
  4 orc sorcerers
  6 orc knights
  4 hill giants
  2 griffons
  4 cyclopes
  15 elephants
  2 ice statues (IceCv)
  A gargoyle (D:11)
  20 spiny frogs
  4 black mambas
  6 komodo dragons
  2 fire drakes
  4 giant leeches (Lair:8)
  A polar bear (Lair:5)
  10 blue devils (IceCv)
  Prince Ribbit (D:5)
  6 trolls
  2 bog bodies (Swamp:1)
  A boulder beetle (Lair:7)
  22 blink frogs
  A trapdoor spider (D:11)
  A spriggan (Lair:7)
  A wyvern (Lair:3)
  A shadow (D:12)
  43 yaks
  9 vampire mosquitoes
  4 basilisks
  A hungry ghost (D:7)
  4 wraiths
  A deep elf fighter (D:11)
  A human (D:11)
  A mottled dragon (D:11)
  13 hippogriffs
  2 wargs
  17 wolves
  12 porcupines
  Duvessa (D:5)
  26 orc warriors
  11 water moccasins
  11 ice beasts
  2 wasps
  2 black bears
  A swamp drake (D:12)
  12 ogres
  2 sky beasts (D:8)
  15 centaurs
  2 phantoms
  15 crocodiles
  2 necrophages
  A brain worm (Lair:5)
  A big kobold (D:8)
  32 giant frogs
  Dowan (D:5)
  A water moccasin skeleton (D:7)
  4 scorpions
  3 wights (D:12)
  8 electric eels
  5 crimson imps
  4 centaur zombies
  A centaur skeleton (D:10)
  6 giant frog zombies
  30 orc priests
  20 orc wizards
  2 giant frog skeletons
  8 jellies
  Crazy Yiuf (D:5)
  9 hounds
  11 iguanas
  10 worker ants
  15 sheep
  4 hound skeletons
  6 gnolls (D:4)
  2 worker ant zombies
  13 adders
  44 river rats
  2 shadow imps
  6 white imps (IceCv)
  7 ufetubi (IceCv)
  An ooze (D:3)
  An adder skeleton (D:5)
  An adder zombie (D:7)
  A worm (D:2)
  4 giant geckos
  141 orcs
  2 ball pythons
  5 bats
  5 giant cockroaches
  6 hobgoblins
  8 jackals
  3 quokkas (D:4)
  3 giant newts
  8 goblins
  A jackal skeleton (D:4)
  17 kobolds
  8 rats
  A spectral orc (D:2)
  5 plants
827 creatures vanquished.

Vanquished Creatures (others)
  3 slaves (D:8)
  A crimson imp (D:8)
  2 jellies (D:11)
  3 orc wizards
  2 orc priests
  A river rat (Lair:1)
  An adder (D:8)
  2 white imps (IceCv)
  2 ufetubi (IceCv)
  4 orcs
  A giant cockroach (D:8)
  A jackal (D:8)
  3 fungi
  9 plants
35 creatures vanquished.

Grand Total: 862 creatures vanquished

Notes
Turn   | Place    | Note
--------------------------------------------------------------
     0 | D:1      | Kloppie the Ogre Fighter began the quest for the Orb.
     0 | D:1      | Reached XP level 1. HP: 24/24 MP: 1/1
   149 | D:1      | Reached XP level 2. HP: 33/33 MP: 2/2
   694 | D:2      | Reached XP level 3. HP: 29/40 MP: 3/3
  1002 | D:2      | Reached skill level 5 in Fighting
  1068 | D:2      | Noticed Natasha
  1382 | D:2      | Reached XP level 4. HP: 26/50 MP: 4/4
  1649 | D:2      | Found a basalt altar of Yredelemnul.
  1813 | D:3      | Found a sparkling altar of Nemelex Xobeh.
  2272 | D:3      | Reached skill level 6 in Fighting
  2272 | D:3      | Reached skill level 5 in Maces & Flails
  2272 | D:3      | Reached XP level 5. HP: 28/59 MP: 5/5
  2830 | D:4      | Reached XP level 6. HP: 56/68 MP: 6/6
  3226 | D:4      | Reached skill level 7 in Fighting
  3726 | D:4      | Noticed a phantom
  3870 | D:4      | Killed a phantom
  3870 | D:4      | Reached skill level 1 in Throwing
  3870 | D:4      | Reached XP level 7. HP: 48/78 MP: 7/7
  4052 | D:4      | Noticed an orc warrior
  4321 | D:3      | Killed an orc warrior
  4816 | D:4      | Found a staircase to the Ecumenical Temple.
  4824 | Temple   | Entered the Ecumenical Temple
  4858 | Temple   | Became a worshipper of the Shining One
  5004 | D:5      | Entered Level 5 of the Dungeon
  5092 | D:5      | Noticed Duvessa
  5093 | D:5      | Noticed Dowan
  5107 | D:5      | Killed Duvessa
  5107 | D:5      | Reached skill level 8 in Maces & Flails
  5115 | D:5      | Killed Dowan
  5498 | D:5      | Reached XP level 8. HP: 79/87 MP: 8/8
  5563 | D:5      | Noticed Prince Ribbit
  5711 | D:5      | Found a radiant altar of Vehumet.
  5735 | D:5      | Reached skill level 9 in Maces & Flails
  5899 | D:5      | Killed Prince Ribbit
  6220 | D:5      | Noticed Crazy Yiuf
  6224 | D:5      | Killed Crazy Yiuf
  6298 | D:6      | Found Lamaedei's Gadget Shop.
  6326 | D:6      | Reached skill level 10 in Maces & Flails
  6592 | D:6      | Reached XP level 9. HP: 84/100 MP: 9/9
  6659 | D:6      | Found a sparkling altar of Nemelex Xobeh.
  6681 | D:6      | Found a blossoming altar of Fedhas.
  6705 | D:6      | Reached * piety under the Shining One
  6711 | D:6      | Reached skill level 10 in Fighting
  6905 | D:6      | Found a shadowy altar of Dithmenos.
  6914 | D:6      | Reached skill level 11 in Maces & Flails
  7121 | D:7      | Found an ancient bone altar of Kikubaaqudgha.
  7759 | D:8      | Reached skill level 12 in Maces & Flails
  7787 | D:8      | Noticed Pikel
  7787 | D:8      | Reached ** piety under the Shining One
  7840 | D:8      | Killed Pikel
  7840 | D:8      | Reached skill level 5 in Dodging
  7840 | D:8      | Reached XP level 10. HP: 75/110 MP: 10/10
  8035 | D:8      | Reached skill level 13 in Maces & Flails
  8150 | D:8      | Got a polished hand crossbow
  8580 | D:8      | Reached skill level 14 in Maces & Flails
  8813 | D:9      | Reached skill level 1 in Invocations
  9170 | D:9      | Reached XP level 11. HP: 71/117 MP: 13/13
  9195 | D:9      | Identified the +4 hand crossbow of Embarrassment {elec, rF+ MR+ Int+4} (You took it off a crimson imp on level 8 of the Dungeon)
  9437 | D:9      | Found a bloodstained altar of Trog.
  9468 | D:10     | Entered Level 10 of the Dungeon
  9515 | D:10     | Noticed Clownie's ghost (journeyman NaFi)
  9554 | D:10     | Killed Clownie's ghost
  9789 | D:10     | Noticed a hill giant
  9806 | D:10     | Killed a hill giant
 11093 | D:11     | Reached skill level 10 in Dodging
 11130 | D:11     | Noticed a hill giant
 11139 | D:11     | Killed a hill giant
 11177 | D:11     | Reached *** piety under the Shining One
 12147 | D:11     | Reached XP level 12. HP: 133/133 MP: 15/15
 12585 | D:8      | Found a staircase to the Lair.
 12594 | Lair:1   | Entered Level 1 of the Lair of Beasts
 14181 | Lair:2   | Reached skill level 15 in Fighting
 14507 | Lair:3   | Reached skill level 5 in Invocations
 14558 | Lair:3   | Got a slimy steel ring
 14560 | Lair:3   | Identified the ring "Ufes Foi" {+Fly rElec rF+ MR- Stlth+} (You found it on level 3 of the Lair of Beasts)
 15049 | Lair:3   | Noticed an eight-headed hydra
 15075 | Lair:3   | Killed an eight-headed hydra
 16155 | Lair:4   | Reached skill level 15 in Maces & Flails
 16182 | Lair:4   | Reached XP level 13. HP: 27/149 MP: 18/18
 16394 | Lair:4   | Noticed Josephine
 16570 | Lair:3   | Killed Josephine
 16706 | Lair:4   | Reached skill level 1 in Armour
 16785 | Lair:4   | Noticed a death yak
 16786 | Lair:4   | Noticed a death yak
 16787 | Lair:4   | Noticed a death yak
 16789 | Lair:4   | Noticed Urug
 16808 | Lair:4   | Killed a death yak
 16816 | Lair:4   | Killed a death yak
 16831 | Lair:4   | Killed a death yak
 16851 | Lair:4   | Killed Urug
 17659 | Lair:5   | Reached **** piety under the Shining One
 17772 | Lair:5   | Noticed onono's ghost (journeyman MfSk)
 17809 | Lair:5   | Killed onono's ghost
 18528 | Lair:5   | Found a staircase to the Swamp.
 18696 | Lair:5   | Reached skill level 5 in Armour
 19175 | Lair:6   | Reached XP level 14. HP: 159/159 MP: 20/20
 19317 | Lair:6   | Found a hole to the Spider Nest.
 20096 | Lair:7   | Found a frozen archway.
 20158 | IceCv    | Entered an ice cave
 20211 | IceCv    | HP: 4/159 [something (24)]
 20982 | IceCv    | Reached ***** piety under the Shining One
 22684 | D:12     | Got a crystal mace
 22685 | D:12     | Identified the +5 mace of Darkness {crush, rElec Int+3} (You found it on level 12 of the Dungeon)
 23067 | D:12     | Identified the Almanac of Aerial Battle Magic
 23200 | D:12     | Noticed Harold
 23205 | D:12     | Found a staircase to the Orcish Mines.
 23244 | D:12     | Killed Harold
 23947 | Orc:1    | Entered Level 1 of the Orcish Mines
 24246 | Orc:1    | Found Dal Gukh's Assorted Antiques.
 24254 | Orc:1    | Bought a glowing cloak for 135 gold pieces
 25136 | Orc:2    | Reached skill level 5 in Throwing
 25774 | Orc:3    | Found Asicecle's Distillery.
 25968 | Orc:4    | Entered Level 4 of the Orcish Mines
 25997 | Orc:4    | Noticed Rupert
 26019 | Orc:4    | Killed Rupert
 26179 | Orc:4    | Found Ogotum's General Store.
 26377 | Orc:3    | You fall through a shaft!
 26443 | Orc:4    | Found a staircase to the Elven Halls.
 26971 | Orc:4    | Reached XP level 15. HP: 167/167 MP: 17/21
 27988 | Orc:4    | Found Feapnu's Distillery.
 27988 | Orc:4    | Found Pachuny's Jewellery Shop.
 27990 | Orc:4    | Found Quhiwees's Magic Scroll Shoppe.
 27990 | Orc:4    | Found Biwnea Upheo's Armour Shop.
 27999 | Orc:4    | Bought the +1 robe of Ittok {rF+ rC+ Str-5} for 194 gold pieces
 28001 | Orc:4    | Bought a cursed ring of loudness for 76 gold pieces
 28001 | Orc:4    | Bought an uncursed amulet of clarity for 340 gold pieces
 28004 | Orc:4    | Bought a scroll of brand weapon for 280 gold pieces
 28006 | Orc:4    | Bought a potion of beneficial mutation for 420 gold pieces
 28007 | Orc:4    | Gained mutation: You are resistant to electric shocks. [potion of beneficial mutation]
 28571 | Lair:8   | Entered Level 8 of the Lair of Beasts
 29089 | Lair:8   | Reached skill level 10 in Throwing
 29521 | Lair:8   | Reached skill level 16 in Maces & Flails
 30077 | Lair:8   | Found a staircase to the Slime Pits.
 30302 | Lair:8   | Identified Ciehykh's Catalogue of Twisted Attacks
 31126 | Swamp:1  | Entered Level 1 of the Swamp
 31229 | Swamp:1  | HP: 7/167 [vampire mosquito (8)]
 31230 | Swamp:1  | HP: 2/167 [vampire mosquito (6)]
 31230 | Swamp:1  | Mangled by a vampire mosquito

Action                   |  1- 3 |  4- 6 |  7- 9 | 10-12 | 13-15 || total
-------------------------+-------+-------+-------+-------+-------++-------
Melee: Flail             |   129 |   200 |   332 |   975 |       ||  1636
       Dire flail        |       |       |       |    40 |  1935 ||  1975
Throw: Tomahawk          |       |     2 |    34 |    36 |       ||    72
       Large rock        |       |       |       |       |     8 ||     8
Invok: Divine Shield     |       |       |       |     5 |    23 ||    28
  Use: Scroll            |       |       |    13 |     9 |    15 ||    37
       Potion            |       |       |     1 |     3 |     7 ||    11
 Stab: Sleeping          |     2 |       |     2 |       |       ||     4
  Eat: Chunk             |     1 |     9 |    11 |    29 |    49 ||    99
       Fruit             |       |       |     2 |     1 |     7 ||    10
       Beef jerky        |       |       |     1 |     1 |     6 ||     8
       Pizza             |       |       |       |     1 |     1 ||     2
       Bread ration      |       |       |       |     1 |       ||     1
       Meat ration       |       |       |       |       |     1 ||     1
